 Dungeon Crawl Stone Soup version 0.21.0-3-g78d12a8 (webtiles) character file.

10344 reriks1 the Cleaver (level 11, 33/100 HPs)
             Began as a Deep Dwarf Fighter on Jan 14, 2018.
             Was a Priest of Makhleb.
             Quit the game on level 10 of the Dungeon.
             The game lasted 00:09:22 (6509 turns).

reriks1 the Cleaver (Deep Dwarf Fighter)            Turns: 6509, Time: 00:09:23

Health: 33/100     AC: 15    Str: 24    XL:     11   Next: 34%
Magic:  9/9        EV: 11    Int:  8    God:    Makhleb [***...]
Gold:   369        SH: 16    Dex: 12    Spells: 10/10 levels left

rFire    . . .     SeeInvis .   q - +0 hand axe (elec)
rCold    . . .     Gourm    +   L - +4 shield
rNeg     . . .     Faith    .   k - +0 plate armour
rPois    .         Spirit   .   r - +0 helmet
rElec    .         Reflect  .   (no cloak)
rCorr    +         Harm     .   (no gloves)
MR       +....                  (no boots)
Stlth    ..........             p - amulet of the gourmand
HPRegen  0.00/turn              E - +2 ring of evasion
MPRegen  0.11/turn              J - ring of resist corrosion

@: non-regenerating
A: damage resistance, heal wounds, sense surroundings 2, no regeneration
a: Heal Wounds, Minor Destruction, Lesser Servant of Makhleb, Renounce Religion


You were on level 10 of the Dungeon.
You worshipped Makhleb.
Makhleb was most pleased with you.
You were completely stuffed.

You visited 2 branches of the dungeon, and saw 11 of its levels.

You collected 369 gold pieces.

Inventory:

Hand Weapons
 a - a +1 war axe
 q - a +0 hand axe of electrocution (weapon)
Armour
 b - a +0 scale mail
 c - a +0 shield
 k - a +0 plate armour (worn)
 r - a +0 helmet (worn)
 L - a +4 shield (worn)
Jewellery
 n - an uncursed amulet of magic regeneration
 p - an amulet of the gourmand (around neck)
 y - an uncursed ring of magical power
 E - a +2 ring of evasion (left hand)
 J - a ring of resist corrosion (right hand)
 K - an uncursed amulet of rage {unknown}
Wands
 d - a wand of paralysis (25)
 F - a wand of polymorph (11)
Scrolls
 s - 2 scrolls of amnesia
 t - 2 scrolls of enchant armour
 u - 2 scrolls of enchant weapon
 v - 2 scrolls of fog
 x - 4 scrolls of remove curse
 z - 4 scrolls of teleportation
 G - 2 scrolls of fear
 I - 2 scrolls of identify
Potions
 e - 4 potions of heal wounds
 g - 2 potions of haste
 h - 3 potions of brilliance {unknown}
 i - 2 potions of mutation {unknown}
 j - 2 potions of magic {unknown}
 l - a potion of agility {unknown}
 m - a potion of degeneration {unknown}
 o - 2 potions of experience {unknown}
 w - 2 potions of curing {unknown}
 A - 2 potions of flight {unknown}
 B - a potion of ambrosia {unknown}
Books
 C - a book of Necromancy

   Spells                             Type                      Level
   a - Pain                           Necromancy                   1
   b - Animate Skeleton               Necromancy                   1
   c - Vampiric Draining              Necromancy                   3
   d - Regeneration                   Charms/Necromancy            3
   e - Animate Dead                   Necromancy                   4
   f - Borgnjor's Vile Clutch         Necromancy/Earth             5
Comestibles
 f - 20 rations
 M - a chunk of flesh


   Skills:
 + Level 7.3 Fighting
 * Level 11.4 Axes
 + Level 8.7 Armour
 + Level 8.1 Dodging
 + Level 8.7 Shields


You had 10 spell levels left.
You didn't know any spells.

Dungeon Overview and Level Annotations

Branches:
Dungeon (10/15)            Temple (1/1) D:4            Lair (0/6) D:9
    Orc (0/2) D:9

Altars:
Ashenzari
Cheibriados
Dithmenos
Elyvilon
Fedhas
Gozag
Hepliaklqana
Kikubaaqudgha
Makhleb
Nemelex Xobeh
Okawaru
Qazlal
Ru
Sif Muna
Trog
Vehumet
Wu Jian
Xom
Yredelemnul
Zin
The Shining One


Innate Abilities, Weirdness & Mutations

You are resistant to damage.
You can heal yourself by infusing magical energy.
You passively map the area around you.
You do not regenerate.


Message History

Wisps of shadow whirl around you...
It was a scroll of summoning.
Unknown command.
As you read the scroll labeled RELLAI LAPUSHANAU, it crumbles to dust.
You assume a fearsome visage.
Nothing appears to happen.
It was a scroll of fear.
As you read the scroll labeled SUTE ONETI, it crumbles to dust.
You hear a loud clanging noise!
It was a scroll of noise.
Your surroundings suddenly seem different.
Unknown command.
A hound zombie comes into view.
The hound zombie moves out of view.
A hound zombie is nearby!
A hound zombie is nearby!
A hound zombie is nearby!
You are too injured to fight recklessly!
Welcome back, reriks1 the Deep Dwarf Fighter.
Blood and souls for Makhleb!
Press ? for a list of commands and other information.
Are you sure you want to abandon this character and quit the game? (Confirm with "yes".)

.######>#.# ##.## #, #.
......(...# #.# ** *
#######.####### #.# , ,
#######.......# #.#* ###..
, *
.........####.####.##......
########.###..........#
#.#......####### * *
#.#.......# , ,*
#...##.##@# , ,.......##.#*
.##..#......,* *,
#..#.###.#. , #.... #...> *
* * .. ..Z .. , , #.. ..# *
#... .# ,,, *


You could see a hound zombie.

Vanquished Creatures
  2 two-headed ogres (D:8)
  The ghost of Aphrodieselac the Severer, a novice HOFi of Uskayaw (D:8)
  An unseen horror (D:8)
  Psyche (D:8)
  Joseph (D:8)
  A queen bee (D:8)
  3 trolls
  Grinder (D:3)
  Prince Ribbit (D:9)
  2 hippogriffs
  A vampire (D:10)
  A wraith (D:10)
  3 yaks (D:10)
  A steam dragon (D:9)
  Grum (D:9)
  2 sky beasts
  An ice beast (D:9)
  2 orc warriors
  2 phantoms
  2 necrophages
  5 ogres
  5 wolves (D:9)
  4 centaurs
  3 big kobolds (D:9)
  2 bullfrogs
  7 gnoll sergeants
  4 scorpions
  17 killer bees
  2 howler monkeys
  An electric eel (D:9)
  2 crimson imps
  A bullfrog zombie (D:5)
  A quasit (D:8)
  8 hounds
  2 iguanas (D:8)
  Jessica (D:9)
  A bullfrog skeleton (D:4)
  Natasha (thrice) (D:2)
  Terence (D:2)
  2 orc wizards (D:6)
  7 worker ants
  8 gnolls
  A howler monkey skeleton (D:4)
  5 adders
  An ooze (D:2)
  3 adder skeletons
  A worm (D:2)
  2 dart slugs
  5 leopard geckos
  20 orcs
  6 giant cockroaches
  6 goblins
  6 hobgoblins
  7 jackals
  4 quokkas
  2 ball pythons
  9 bats
  3 frilled lizards
  10 kobolds
  2 leopard gecko skeletons (D:5)
  5 rats
215 creatures vanquished.

Notes
Turn   | Place    | Note
-------+----------+-------------------------------------------
     0 | D:1      | reriks1 the Deep Dwarf Fighter began the quest for the Orb.
     0 | D:1      | Reached XP level 1. HP: 20/20 MP: 1/1
   236 | D:1      | Reached XP level 2. HP: 20/27 MP: 2/2
   417 | D:1      | Reached skill level 1 in Dodging
   417 | D:1      | Reached XP level 3. HP: 24/33 MP: 3/3
   813 | D:2      | Reached skill level 3 in Axes
   931 | D:2      | Reached XP level 4. HP: 42/42 MP: 4/4
   937 | D:2      | Found a shadowy altar of Dithmenos.
   938 | D:2      | Found a blossoming altar of Fedhas.
   939 | D:2      | Found a basalt altar of Yredelemnul.
   979 | D:2      | Noticed Natasha
   981 | D:2      | Found a sparkling altar of Nemelex Xobeh.
   984 | D:2      | Killed Natasha
  1014 | D:2      | Noticed Terence
  1019 | D:2      | Noticed Natasha
  1019 | D:2      | Killed Terence
  1021 | D:2      | Killed Natasha
  1021 | D:2      | Reached XP level 5. HP: 39/49 MP: 5/5
  1338 | D:2      | Noticed Natasha
  1344 | D:2      | Killed Natasha
  1489 | D:3      | Reached skill level 4 in Axes
  1533 | D:3      | Noticed Grinder
  1552 | D:3      | Paralysed by Grinder for 7 turns
  1567 | D:3      | Killed Grinder
  1567 | D:3      | Reached XP level 6. HP: 51/57 MP: 5/5
  1905 | D:3      | You fall through a shaft for 2 floors!
  1905 | D:5      | Entered Level 5 of the Dungeon
  1965 | D:5      | Reached skill level 5 in Axes
  1972 | D:5      | Reached XP level 7. HP: 40/63 MP: 6/6
  2563 | D:6      | Reached skill level 5 in Armour
  2586 | D:6      | Reached skill level 5 in Shields
  2607 | D:6      | Reached skill level 6 in Axes
  2780 | D:6      | Reached XP level 8. HP: 39/73 MP: 7/7
  3603 | D:4      | Found a staircase to the Ecumenical Temple.
  3615 | Temple   | Entered the Ecumenical Temple
  3728 | Temple   | Became a worshipper of Makhleb the Destroyer
  3948 | D:4      | Reached skill level 7 in Axes
  4432 | D:7      | Noticed a hippogriff
  4439 | D:7      | Killed a hippogriff
  4439 | D:7      | Reached skill level 5 in Fighting
  4599 | D:7      | Reached skill level 5 in Dodging
  4822 | D:8      | Gained mutation: You passively map the area around you. [Deep Dwarf growth]
  4822 | D:8      | Reached XP level 9. HP: 55/81 MP: 8/8
  4831 | D:8      | Found an ornate altar of the Wu Jian Council.
  4833 | D:8      | Noticed Joseph
  4860 | D:8      | Killed Joseph
  4860 | D:8      | Reached skill level 8 in Axes
  4880 | D:8      | Noticed a two-headed ogre
  4899 | D:8      | Killed a two-headed ogre
  4990 | D:8      | Reached skill level 9 in Axes
  5018 | D:8      | Noticed a two-headed ogre
  5028 | D:8      | Killed a two-headed ogre
  5028 | D:8      | Reached XP level 10. HP: 56/91 MP: 8/8
  5063 | D:8      | Noticed Aphrodieselac's ghost (novice HOFi)
  5110 | D:9      | Reached * piety under Makhleb
  5127 | D:9      | Noticed Grum
  5163 | D:9      | Killed Grum
  5216 | D:9      | Noticed Prince Ribbit
  5250 | D:9      | Killed Prince Ribbit
  5250 | D:9      | Reached skill level 10 in Axes
  5293 | D:9      | Found a staircase to the Lair.
  5437 | D:9      | Found a staircase to the Orcish Mines.
  5490 | D:8      | Noticed Psyche
  5500 | D:8      | Killed Psyche
  5500 | D:8      | Reached ** piety under Makhleb
  5552 | D:8      | Killed Aphrodieselac's ghost
  5672 | D:8      | Reached XP level 11. HP: 65/99 MP: 9/9
  5737 | D:8      | Killed an unseen horror
  5737 | D:8      | Reached skill level 11 in Axes
  5943 | D:9      | Reached *** piety under Makhleb
  6122 | D:9      | Noticed Jessica
  6130 | D:9      | Found a deep blue altar of Sif Muna.
  6142 | D:9      | Killed Jessica
  6347 | D:10     | Entered Level 10 of the Dungeon
  6509 | D:10     | Quit the game

Skill      XL: |  1  2  3  4  5  6  7  8  9 10 11 |
---------------+----------------------------------+-----
Dodging        | 1 2 3 4 5 6 7 8 |  8.1
Fighting       | 3 4 5 6 7 |  7.3
Axes           | 3 4 5 6 7 9 10 11 | 11.4
Armour         | 4 5 6 7 8 |  8.7
Shields        | 4 5 6 7 8 |  8.7

Action                   |  1- 3 |  4- 6 |  7- 9 | 10-12 || total
-------------------------+-------+-------+-------+-------++-------
Melee: War axe           |   133 |    84 |       |       ||   217
       Hand axe          |       |    46 |   316 |   411 ||   773
 Abil: Heal Wounds       |     1 |     2 |     5 |     5 ||    13
Evoke: Wand              |       |       |     6 |     1 ||     7
  Use: Scroll            |     3 |       |     2 |    10 ||    15
       Potion            |       |       |       |     1 ||     1
 Stab: Confused          |       |       |     4 |       ||     4
  Eat: Chunk             |       |    20 |    10 |     5 ||    35
Armor: Scale mail        |    61 |       |       |       ||    61
       Plate armour      |       |    80 |   121 |   189 ||   390
Dodge: Dodged            |    56 |    22 |    55 |   196 ||   329
Block: Shield            |   102 |    63 |   144 |   300 ||   609
